 Dungeon Crawl Stone Soup version 0.28-a0-1493-g08698888e4 (webtiles) character file.

Game seed: 4515606640958308100

46 bande the Shield-Bearer (level 3, -2/23 HPs)
             Began as a Gargoyle Fighter on Jan 12, 2022.
             Slain by Sigmund (11 damage)
             ... on level 2 of the Dungeon.
             The game lasted 00:03:01 (1849 turns).

bande the Shield-Bearer (Gargoyle Fighter)          Turns: 1849, Time: 00:03:01

Health: -2/23      AC:  0    Str: 19    XL:     3   Next: 66%
Magic:  3/3        EV: 13    Int:  8    God:
Gold:   57         SH:  0    Dex: 11    Spells: 2/2 levels left

rFire   . . .      SeeInvis .   (weapon currently unavailable)
rCold   . . .      Faith    .   (shield currently unavailable)
rNeg    + . .      Spirit   .   (armour currently unavailable)
rPois   ∞          Reflect  .   (helmet currently unavailable)
rElec   .          Harm     .   (cloak currently unavailable)
rCorr   .          Rampage  .   (gloves currently unavailable)
Will    .....                   (boots currently unavailable)
Stlth   +.........              (no amulet)
HPRegen 0.07/turn               (ring currently unavailable)
MPRegen 0.08/turn               (ring currently unavailable)

@: confused, mighty, pig-form, ambrosia-drunk, studying Dodging, very quick
A: fast, no casting, sickness immunity, AC +3, small, negative energy resistance
1, (electricity resistance), torment resistance 1, petrification resistance
a: no special abilities


You were on level 2 of the Dungeon.
You were a filthy swine.
You visited 1 branch of the dungeon, and saw 2 of its levels.

You collected 57 gold pieces.

Inventory:

Hand Weapons
 a - a +1 war axe (melded)
Armour
 b - a +0 scale mail (melded)
 c - a +1 buckler (melded)
 k - a +0 pair of gloves (melded)
Jewellery
 i - a ring of ice
Scrolls
 f - a scroll of amnesia
 j - a scroll of enchant weapon
Potions
 e - a potion of haste {unknown}
 h - a potion of heal wounds {unknown}
 l - a potion of attraction {unknown}


   Skills:
 + Level 3.5 Fighting
 + Level 2.5 Axes
 + Level 3.6 Armour
 - Level 0.1 Dodging
 + Level 0.4 Stealth
 + Level 3.7 Shields


You had 2 spell levels left.
You didn't know any spells.
Your spell library contained the following spells:

 Spells                   Type           Power      Damage    Failure   Level
 Summon Small Mammal      Summ           0%         N/A       41%         1
 Call Canine Familiar     Summ           0%         N/A       78%         3
 Summon Guardian Golem    Hex/Summ       0%         N/A       78%         3


Dungeon Overview and Level Annotations

Branches:
Dungeon (2/15)

Altars:

Annotations:
D:2 Sigmund


Innate Abilities, Weirdness & Mutations

You are a filthy swine.
You move quickly.
Your equipment is almost entirely melded.
You are incapable of wielding weapons or throwing items.
You cannot cast spells.
You are immune to sickness and miasma.
((Your stone body is resilient. (AC +3)))
You are immune to poison.
You resist negative energy. (rN+)
((You are resistant to electric shocks. (rElec)))
You are resistant to unholy torment.
You are immune to petrification.


Message History

Sigmund hits you but does no damage.
Sigmund hits you from afar with a +0 scythe.
Your transformation is almost over.
Sigmund hits you but does no damage.
Sigmund hits you from afar with a +0 scythe.
Sigmund gestures at you while chanting. The puff of flame hits you!
* * * LOW HITPOINT WARNING * * *
Sigmund hits you from afar with a +0 scythe.
* * * LOW HITPOINT WARNING * * *
Sigmund hits you but does no damage. Sigmund hits you but does no damage.
You feel less wooden.
Your +0 pair of gloves unmelds from your body.
Your +0 scale mail unmelds from your body.
Sigmund mumbles some strange words.
Sigmund flickers and vanishes!
Deactivating autopickup; reactivate with Ctrl-A.
Something hits you.
* * * LOW HITPOINT WARNING * * *
You see here a ball python corpse.
You slice something!!
You hear a zap.
Something tries to affect you, but you resist.
Something hits you but does no damage.
You miss something.
You hear some strange, mumbled words.
You are confused.
You're too confused to move!
You hear a zap.
You turn into a filthy swine.
Your +1 war axe melds into your body.
Your +0 pair of gloves melds into your body.
Your +1 buckler melds into your body.
Your +0 scale mail melds into your body.
Unknown command.
You are more confused.
You feel invigorated. Something hits you.
* * * LOW HITPOINT WARNING * * *
Something hits you!
You die...

#..........#
#...?......##...#
#..........##...#
#..........##...#
#..........##...#
#..........##...#
+..........##...#
#......!...##...#
#...h{....?##...# ###
#######'#########...###..
................'...+....
#######..##.#####...###..
##.##.# #...# #..
....##.# #...# #..
....##.# #...###..
....##.# ####.....
......#.# #.....


There were no monsters in sight!

Vanquished Creatures
  An adder (D:2)
  A dart slug (D:2)
  A bat (D:1)
  3 endoplasms
  A giant cockroach (D:2)
  3 goblins
  A hobgoblin (D:1)
  4 kobolds
  6 quokkas (D:1)
  5 ball pythons
  4 rats
30 creatures vanquished.

Notes
Turn   | Place    | Note
-------+----------+-------------------------------------------
     0 | D:1      | bande the Gargoyle Fighter began the quest for the Orb.
     0 | D:1      | Reached XP level 1. HP: 14/14 MP: 1/1
   475 | D:1      | Reached XP level 2. HP: 19/19 MP: 2/2
  1220 | D:1      | Reached XP level 3. HP: 13/23 MP: 3/3
  1491 | D:2      | Found a faded altar of an unknown god.
  1795 | D:2      | Noticed Sigmund
  1842 | D:2      | HP: 1/23 [something (6)]
  1849 | D:2      | Slain by Sigmund

Illustrated notes

Levels and vault maps discovered:
D:1:      dpeg_arrival_arbitrary_b, layout_loops_ring, minmay_stone_trees_small
D:2:      layout_basic, basic_ecumenical_altar, uniq_sigmund

Skill      XL: |  1 |
---------------+----+-----
Axes           | 2 |  2.5
Fighting       | |  3.5
Armour         | |  3.6
Dodging        | |  0.1
Stealth        | |  0.4
Shields        | |  3.7

Action                   || total
-------------------------++-------
Melee: War axe           ||    88
  Use: Scroll            ||     5
       Potion            ||     3
Armor: Scale mail        ||    46
       Skin              ||    13
Dodge: Dodged            ||    51
Block: Buckler           ||    20

Table legend: (Time is in decaauts)
 A = Elapsed time spent in this place.
 B = Non-inter-level travel time spent in this place.
 C = Inter-level travel time spent in this place.
 D = Time resting spent in this place.
 E = Time spent auto-exploring this place.
 F = Levels seen in this place.
 G = Mean time per level.
                   A        B        C        D        E       F      G
               +--------+--------+--------+--------+--------+-----+--------+
         Total |   1888 |   1841 |     47 |    232 |   1269 |   2 |  944.0 |
       Dungeon |   1888 |   1841 |     47 |    232 |   1269 |   2 |  944.0 |
               +--------+--------+--------+--------+--------+-----+--------+

Top non-repeatable levels by time:
     D:1: 1480 daAuts
     D:2: 408 daAuts
